 Dungeon Crawl Stone Soup version 0.23-a0-143-g1adec7b (webtiles) character file.

314 Amnesiac the Slasher (level 6, -5/47 HPs)
             Began as a Mummy Monk on Sept 5, 2018.
             Slain by an ice beast (8 damage)
             ... on level 5 of the Dungeon.
             The game lasted 00:05:05 (3330 turns).

Amnesiac the Slasher (Mummy Monk)                   Turns: 3330, Time: 00:05:06

Health: -5/47      AC:  6    Str: 16    XL:     6   Next: 19%
Magic:  6/6        EV: 11    Int: 10    God:
Gold:   200        SH:  0    Dex: 14    Spells: 5/5 levels left

rFire    . . .     SeeInvis .   a - +0 falchion
rCold    . . .     Gourm    .   (no shield)
rNeg     + + +     Faith    .   m - +1 ring mail
rPois    ∞         Spirit   .   (no helmet)
rElec    .         Reflect  .   (no cloak)
rCorr    +         Harm     .   (no gloves)
MR       .....                  (no boots)
Stlth    +.........             (no amulet)
HPRegen  0.15/turn              i - ring of resist corrosion
MPRegen  0.10/turn              n - ring of fire

@: no status effects
A: no food or potions, fire vulnerability, cold resistance 1, negative energy
resistance 3, torment resistance, unbreathing
a: no special abilities


You were on level 5 of the Dungeon.
You were not hungry.

You visited 1 branch of the dungeon, and saw 5 of its levels.

You collected 200 gold pieces.

Inventory:

Hand Weapons
 a - a +0 falchion (weapon)
Armour
 m - a +1 ring mail (worn)
Jewellery
 b - an uncursed ring of flight
 i - a ring of resist corrosion (left hand)
 n - a ring of fire (right hand)
Wands
 e - a wand of polymorph (8)
Scrolls
 c - a scroll of remove curse {!r}
 d - 2 scrolls of enchant armour {!r}
 g - a scroll of immolation {!r}
 h - a scroll of blinking {!r}
 k - a scroll of amnesia {!r}
 l - a scroll of fog {!r}


   Skills:
 - Level 3.0 Fighting
 + Level 5.8 Long Blades
 - Level 2.4 Dodging
 - Level 1.5 Stealth


You had 5 spell levels left.
You didn't know any spells.
Your spell library was empty.

Dungeon Overview and Level Annotations

Branches:
Dungeon (5/15)
 Temple: D:4-7

Altars:
Gozag
Nemelex Xobeh

Annotations:
D:5 2 runed doors


Innate Abilities, Weirdness & Mutations

You do not eat or drink.
Your flesh is vulnerable to fire.
You are immune to poison.
Your flesh is cold resistant. (rC+)
You are immune to negative energy. (rN+++)
You are immune to unholy pain and torment.
You can survive without breathing.


Message History

There is an open door here.
There is an open door here.
Found a leather armour.
You see here a shortbow.
An adder and a worker ant come into view.
The adder hisses angrily.
You swing at nothing.
You swing at nothing.
You hear the hiss of a very distant avalanche of sand.
You swing at nothing.
You swing at nothing.
The adder closely misses you.
You hit the adder.
The adder is heavily wounded.
The adder misses you.
You slash the adder!
You kill the adder!
You swing at nothing.
You hear the brisk hiss of a very distant avalanche of sand.
An ogre comes into view. It is wielding a giant club.
The ogre shouts!
Found a ring mail and 11 gold pieces.
Evoke which item? (* to show all) (? for menu, Esc to quit)
Okay, then.
Evoke which item? (* to show all) (? for menu, Esc to quit)
Aiming: Polymorph
Press: ? - help, Shift-Dir - straight line, f - ogre
Aim: an ogre, wielding a giant club (chance to defeat MR: 46%)
The ogre resists with some effort.
Evoke which item? (* to show all) (? for menu, Esc to quit)
Aiming: Polymorph
Press: ? - help, Shift-Dir - straight line, f/p - ogre
Aim: an ogre, wielding a giant club (chance to defeat MR: 46%)
The ogre evaporates and reforms as an ice beast!
You closely miss the ice beast. The ice beast closely misses you.
You hit the ice beast.
The ice beast is lightly wounded.
The ice beast barely misses you.
Your ring mail prevents you from hitting the ice beast.
The ice beast is lightly wounded.
The ice beast hits you but does no damage.
You hit the ice beast.
The ice beast is moderately wounded.
The ice beast closely misses you.
You riposte.
You hit the ice beast but do no damage.
The ice beast is moderately wounded.
You hit the ice beast.
The ice beast is moderately wounded.
The ice beast hits you but does no damage.
You slash the ice beast!
The ice beast is heavily wounded.
The ice beast hits you. The ice beast freezes you!
* * * LOW HITPOINT WARNING * * *
You hit the ice beast.
The ice beast is severely wounded.
The ice beast hits you.
* * * LOW HITPOINT WARNING * * *
The ice beast freezes you!
* * * LOW HITPOINT WARNING * * *
You closely miss the ice beast.
The ice beast is severely wounded.
The ice beast hits you.
* * * LOW HITPOINT WARNING * * *
The ice beast freezes you!
You die...

#.# ##...##...#
#......##...... #.###...#
#...##...##.......#
##.#....###...##..#####....##
#.....###.......## ###.##
#.####...#......# ##.# #.#
###.......# ##..# #.#
###.....# ##...# #.
#.....#######....# #
##...Y@...........##
#..)...............## #
#..####..#####......### #..##
#..# ##........ #O## #..#
#........ ... ##.# ##........
.... .#####......... ....
....#.......... ...##
............


You could see an ice beast.

Vanquished Creatures
  A centaur zombie (D:5)
  A bullfrog skeleton (D:5)
  A hound (D:5)
  Terence (D:2)
  A worker ant (D:5)
  A gnoll (D:2)
  6 adders
  2 oozes
  An adder skeleton (D:5)
  6 worms
  A dart slug (D:5)
  3 leopard geckos
  An orc (D:3)
  4 ball pythons
  7 bats
  5 giant cockroaches
  8 hobgoblins
  4 jackals (D:3)
  4 frilled lizards
  11 goblins
  A jackal skeleton (D:5)
  3 kobolds
  5 rats (D:1)
78 creatures vanquished.

Notes
Turn   | Place    | Note
-------+----------+-------------------------------------------
     0 | D:1      | Amnesiac the Mummy Monk began the quest for the Orb.
     0 | D:1      | Reached XP level 1. HP: 18/18 MP: 1/1
   217 | D:1      | Reached skill level 3 in Long Blades
   217 | D:1      | Reached XP level 2. HP: 22/24 MP: 2/2
   589 | D:1      | Reached XP level 3. HP: 25/29 MP: 3/3
  1544 | D:2      | Reached skill level 4 in Long Blades
  1586 | D:2      | Reached XP level 4. HP: 32/35 MP: 4/4
  2258 | D:3      | Found an opulent altar of Gozag.
  2349 | D:3      | Found a faded altar of an unknown god.
  2454 | D:3      | Noticed Terence
  2476 | D:2      | Killed Terence
  2476 | D:2      | Reached XP level 5. HP: 30/41 MP: 5/5
  2822 | D:4      | Reached skill level 5 in Long Blades
  2885 | D:5      | Entered Level 5 of the Dungeon
  3045 | D:5      | Found a sparkling altar of Nemelex Xobeh.
  3067 | D:5      | Reached XP level 6. HP: 42/47 MP: 6/6
  3084 | D:5      | Found a runed door.
  3096 | D:5      | Found a runed door.
  3321 | D:5      | Noticed an ice beast
  3321 | D:5      | an ogre changed into an ice beast
  3330 | D:5      | Slain by an ice beast

Vault maps used:
D:1:      dpeg_arrival_concentric_ovals
D:2:      wad_crossroads
D:3:      nicolae_gozag_seed_capital, chequers_ecumenical_altar_island,
          uniq_terence
D:4:      ashenzari_altar_1, grunt_temple_overflow_open, serial_shops, shop,
          first_ration
D:5:      lemuel_insect_pit, lemuel_crystal_altar, enter_ossuary_5,
          hangedman_decor_diamond_cutter

Skill      XL: |  1  2  3  4  5 |
---------------+----------------+-----
Long Blades    | 3 4 5 |  5.8
Fighting       | |  3.0
Dodging        | |  2.4
Stealth        | |  1.5

Action                   |  1- 3 |  4- 6 || total
-------------------------+-------+-------++-------
Melee: Falchion          |   120 |   198 ||   318
Evoke: Wand              |       |     4 ||     4
  Use: Scroll            |       |    11 ||    11
 Stab: Sleeping          |    12 |     2 ||    14
Armor: Robe              |    21 |     1 ||    22
       Ring mail         |       |    47 ||    47
Dodge: Dodged            |    67 |   135 ||   202
       Rpst.: Falchion   |    26 |    50 ||    76

Table legend:
 A = Non-vault XP
 B = Vault XP
 C = Vault XP percentage of total XP
 D = Non-vault monster count
 E = Vault monster count
 F = Vault count percentage of total count
                 A         B        C        D         E       F
            +---------+---------+-------+---------+---------+-------
      Total |     388 |      61 |  13.6 |      73 |       5 |   6.4
            +---------+---------+-------+---------+---------+-------
        D:1 |      44 |       0 |   0.0 |      24 |       0 |   0.0
        D:2 |      83 |      61 |  42.4 |      18 |       5 |  21.7
        D:3 |      44 |       0 |   0.0 |      18 |       0 |   0.0
        D:4 |       9 |       0 |   0.0 |       3 |       0 |   0.0
        D:5 |     208 |       0 |   0.0 |      10 |       0 |   0.0
            +---------+---------+-------+---------+---------+-------
